AoeStats
← xlalox corona

Golden Pit

507214016Analyzed
1v1 RM · 14d ago on Sep 17, 2026· 35m 6s· 2 players
Game mode
Random Map
Map size
Tiny (2 player)
Population
200
Speed
Normal
Resources
Standard
Victory
Conquest
Starting age
Dark Age
Ending age
Imperial Age
RankedLock teamsTeams togetherTeam positionsShared explorationLock speedFull tech treeHidden civsTurbo modeCheats
Victory
Defeat
🇦🇷 Dravidians · Argentina
1801
+13
🇲🇽 Ethiopians · Mexico
1745
-13
xlalox corona
6:32 Loom
8:56 Feudal Age
8:59 Man-at-Arms
18:52 Double-Bit Axe
19:27 Fletching
24:49 Castle Age
23:42 Horse Collar
23:55 Gold Mining
24:14 Padded Archer Armor
25:25 Bodkin Arrow
24:52 Crossbowman
30:21 Bow Saw
32:57 Ballistics
32:14 Elite Skirmisher
33:47 Leather Archer Armor
JLoops
6:17 Loom
8:50 Feudal Age
9:22 Double-Bit Axe
13:02 Town Watch
21:40 Castle Age
20:12 Fletching
20:24 Padded Archer Armor
20:13 Horse Collar
21:11 Fletching
21:55 Elite Skirmisher
22:30 Bodkin Arrow
23:26 Heavy Plow
23:39 Bow Saw
25:04 Gold Mining
25:55 Leather Archer Armor
32:29 Heavy Plow
33:05 Thumb Ring
Connection lost

Rejoining the realm…

Still unreachable

The connection could not be restored.

Session expired

The server has moved on; the page needs a fresh start.